 Dungeon Crawl Stone Soup version 0.30-a0-166-g5d06c95188 (webtiles) character file.

Game seed: 1514212144830730724

119213 qw the Peltast (level 16, 1/1 HPs)
             Began as a Gargoyle Fighter on Sept 28, 2022.
             Was a Priest of Okawaru.
             Quit the game on level 2 of the Orcish Mines.
             The game lasted 01:45:30 (40039 turns).

qw the Peltast (Gargoyle Fighter)                  Turns: 40039, Time: 01:45:30

Health: 1/1        AC: 44    Str: 28    XL:     16   Next: 78%
Magic:  23/23      EV:  8    Int: 11    God:    Okawaru [***...]
Gold:   1733       SH: 21    Dex: 15    Spells: 15/15 levels left

rFire   + . .      SeeInvis .    Y - +9 broad axe (flame)
rCold   + + .      Faith    .    q - +1 tower shield {rC+}
rNeg    + + .      Spirit   .    u - +3 plate armour of Anaesthesia {Regen+}
rPois   inf        Reflect  .    G - -2 hat of the Alchemist {rElec rPois rF+ rC+ rN+ Will+ rMut rCorr}
rElec   +          Harm     .    i - +2 cloak {rCorr}
rCorr   +          Rampage  .    H - +4 pair of gloves of Cowardice {Will+ Dex+3}
rMut    +                        C - +2 pair of boots
Will    ++++.                    m - amulet of regeneration
Stlth   ..........               z - ring "Icvyskesu" {rPois Will+ Str+2 Dex+3}
HPRegen 1.60/turn                t - +4 ring of protection
MPRegen 0.18/turn

@: flying
A: sickness immunity, AC +12, big wings, negative energy resistance 1,
electricity resistance, torment resistance 1, petrification resistance
a: Renounce Religion, Heroism


You were on level 2 of the Orcish Mines.
You worshipped Okawaru.
Okawaru was most pleased with you.
You visited 3 branches of the dungeon, and saw 22 of its levels.
You also visited: Gauntlet.

You collected 3019 gold pieces.
You spent 1286 gold pieces at shops.


Innate Abilities, Weirdness & Mutations

You are immune to sickness and miasma.
Your stone body is resilient. (AC +12)
You are immune to poison.
Your large and strong wings let you fly.
You resist negative energy. (rN+)
You are resistant to electric shocks. (rElec)
You are resistant to unholy torment.
You are immune to petrification.


   Skills:
 - Level 12.0 Fighting
 - Level 16.3 Axes
 - Level 6.3 Throwing
 + Level 11.0 Armour
 - Level 4.0 Dodging
 - Level 17.0 Shields
 - Level 10.0 Invocations


You had 15 spell levels left.
You didn't know any spells.
Your spell library was empty.

Inventory:

Hand Weapons
 Y - a +9 broad axe of flaming (weapon)
Missiles
 r - 15 boomerangs
 D - 3 silver boomerangs
 J - 3 javelins (quivered)
 L - 3 silver javelins
Armour
 i - a +2 cloak of preservation (worn)
 l - a +10 plate armour of ponderousness
 o - the +3 hat of Pondering {ponderous, Will+ MP+10 Int+5}
   (You took it off Gastronok on level 11 of the Dungeon)

   Int:       It affects your intelligence (+5).
   MP:        It affects your magic capacity (+10).
   Will:      It increases your willpower.
 q - a +1 tower shield of cold resistance (worn)
 u - the +3 plate armour of Anaesthesia (worn) {Regen+}
   (Okawaru gifted it to you on level 2 of the Lair of Beasts)

   Regen:     It increases your rate of health regeneration.
 C - a +2 pair of boots (worn)
 G - the -2 hat of the Alchemist (worn) {rElec rPois rF+ rC+ rN+ Will+ rMut rCorr}
   (Okawaru gifted it to you on level 14 of the Dungeon)

   rF:        It protects you from fire.
   rC:        It protects you from cold.
   rElec:     It insulates you from electricity.
   rPois:     It protects you from poison.
   rN:        It protects you from negative energy.
   rCorr:     It protects you from acid and corrosion.
   rMut:      It protects you from mutation.
   Will:      It increases your willpower.
 H - the +4 pair of gloves of Cowardice (worn) {Will+ Dex+3}
   (You bought it in a shop on level 1 of the Orcish Mines)

   Dex:       It affects your dexterity (+3).
   Will:      It increases your willpower.
 I - a +2 helmet of intelligence
 K - the +5 troll leather armour of Ximniphi {rF+ rC- rN+ Regen+ SInv}
   (Okawaru gifted it to you on level 2 of the Orcish Mines)

   rF:        It protects you from fire.
   rC:        It makes you vulnerable to cold.
   rN:        It protects you from negative energy.
   SInv:      It lets you see invisible.
   Regen:     It increases your rate of health regeneration.
Jewellery
 m - an amulet of regeneration (around neck)
 t - a +4 ring of protection (right hand)
 v - a ring of fire
 x - a ring of ice
 y - a ring of protection from fire
 z - the ring "Icvyskesu" (left hand) {rPois Will+ Str+2 Dex+3}
   (You acquired it on level 3 of the Lair of Beasts)

   [ring of willpower]

   Str:       It affects your strength (+2).
   Dex:       It affects your dexterity (+3).
   rPois:     It protects you from poison.
   Will:      It increases your willpower.
 A - a ring of protection from cold
 E - a +4 ring of evasion
Wands
 w - a wand of digging (9)
Scrolls
 f - 12 scrolls of identify
 k - 11 scrolls of teleportation
 B - 6 scrolls of enchant armour
Potions
 b - 3 potions of attraction
 c - 7 potions of curing
 d - 6 potions of might
 e - 2 potions of cancellation
 g - 7 potions of lignification
 h - 7 potions of haste
 j - 5 potions of magic
 n - a potion of heal wounds
 p - 3 potions of mutation
 s - 3 potions of resistance

Dungeon Overview and Level Annotations

Branches:
Dungeon (15/15)            Temple (0/1) D:5            Lair (5/5) D:9
  Swamp (0/4) Lair:2       Spider (0/4) Lair:2        Slime (0/5) Lair:5
    Orc (2/2) D:11         Vaults (0/5) D:14         Depths (0/4) D:15
Gauntlet (visited)
    Elf: Orc:2

Altars:
Ashenzari
Cheibriados
Fedhas
Gozag
Kikubaaqudgha
Okawaru
Ru
Sif Muna
Vehumet
Wu Jian
Xom
Yredelemnul
The Shining One
Jiyva

Shops:
D:7 *   D:13 (   Orc:1 ::[[=*

Portals:
Trove: D:11 (show abyssal rune of Zot)

Annotations:
D:7 1 runed translucent door, Crazy Yiuf
D:13 3 runed translucent doors, Yqoodd's ghost, journeyman GnWr; qw's ghost, journeyman GrFi


Message History

There is a stone staircase leading down here.
Done exploring.
(D) Dungeon (T) Temple (L) Lair (S) Swamp (N) Spider Nest (M) Slime Pits (O) Orcish Mines (V) Vaults (U) Depths
Where to? (* - list waypoints, Enter - Orc:1, ? - help)
What level of the Orcish Mines? (default 1, ? - help)
You fly downwards.
There is a stone staircase leading up here.
(D) Dungeon (T) Temple (L) Lair (S) Swamp (N) Spider Nest (M) Slime Pits (O) Orcish Mines (V) Vaults (U) Depths
Where to? (* - list waypoints, Enter - Orc:2, ? - help)
What level of the Orcish Mines? (default 1, ? - help)
You fly upwards.
There is a stone staircase leading down here.
Done exploring.
(D) Dungeon (T) Temple (L) Lair (S) Swamp (N) Spider Nest (M) Slime Pits (O) Orcish Mines (V) Vaults (U) Depths
Where to? (* - list waypoints, Enter - Orc:1, ? - help)
What level of the Orcish Mines? (default 1, ? - help)
You fly downwards.
There is a stone staircase leading up here.
(D) Dungeon (T) Temple (L) Lair (S) Swamp (N) Spider Nest (M) Slime Pits (O) Orcish Mines (V) Vaults (U) Depths
Where to? (* - list waypoints, Enter - Orc:2, ? - help)
What level of the Orcish Mines? (default 1, ? - help)
You fly upwards.
There is a stone staircase leading down here.
Done exploring.
(D) Dungeon (T) Temple (L) Lair (S) Swamp (N) Spider Nest (M) Slime Pits (O) Orcish Mines (V) Vaults (U) Depths
Where to? (* - list waypoints, Enter - Orc:1, ? - help)
What level of the Orcish Mines? (default 1, ? - help)
You fly downwards.
Zot's power touches on you...
HP restored.
There is a stone staircase leading up here.
Are you sure you want to abandon this character and quit the game? (Confirm with "yes".)

.## #. ## $.##.. ###.#
.#.... ##....###.......
#.....#.........
#...............
.................
#.#....@.........
..................
....#..............
.......#............
.......................
#.......[..............
#.......[[..............
##......[...............
#......................


There were no monsters in sight!

Vanquished Creatures
  Rupert (Lair:4)
  Gastronok (D:11)
  A minotaur (Gauntlet)
  A dire elephant (D:15)
  2 vault guards (D:14)
  9 hydras
  13 two-headed ogres
  2 centaur warriors (D:15)
  A death knight (D:14)
  3 ogre magi
  6 death yaks (Lair:4)
  A death scarab (Gauntlet)
  3 orc high priests
  2 tengu warriors (D:14)
  Urug (D:11)
  A soul eater (Gauntlet)
  A goliath frog (Lair:5)
  3 skeletal warriors (D:12)
  2 wizards (D:14)
  2 glowing orange brains (Gauntlet)
  3 deep trolls
  Pikel (D:5)
  3 orc knights
  2 necromancers (D:14)
  2 deep elf pyromancers (D:14)
  A wolf spider (D:15)
  A spectral boulder beetle (Gauntlet)
  31 ugly things
  2 manticores (D:15)
  3 orc sorcerers
  A worldbinder (Gauntlet)
  10 cyclopes
  A manticore (shapeshifter) (D:15)
  4 black mambas
  Maurice (D:9)
  18 elephants
  A cane toad (shapeshifter) (D:14)
  23 cane toads
  5 torpor snails (Lair:2)
  An unseen horror (D:12)
  2 efreet
  2 kobold demonologists (D:10)
  2 rime drakes
  5 komodo dragons
  A freezing wraith (D:15)
  2 tengu conjurers (D:14)
  17 trolls
  2 polar bears
  Grinder (D:3)
  4 tyrant leeches (Lair:5)
  A wolf spider simulacrum (Gauntlet)
  3 hornets
  A tarantella (shapeshifter) (D:15)
  20 slime creatures
  27 blink frogs
  Sigmund (D:3)
  3 shadows
  2 vampires
  5 wyverns
  19 humans (D:14)
  31 yaks
  7 wraiths
  5 basilisks
  3 redbacks (Lair:2)
  18 vampire mosquitoes
  4 steam dragons
  Menkaure (D:5)
  A redback simulacrum (Gauntlet)
  3 wargs
  Edmund (D:4)
  11 water moccasins
  An acid dragon (D:10)
  22 orc warriors
  2 sky beasts (D:7)
  An ice beast (D:7)
  A black bear (shapeshifter) (D:14)
  A black bear (D:6)
  An ice dragon simulacrum (Gauntlet)
  21 ogres
  3 centaurs
  3 boggarts (Gauntlet)
  13 wolves
  2 lemures (D:5)
  A phantom (D:7)
  9 kobold brigands
  14 bullfrogs
  2 necrophages
  3 scorpions
  5 wights (D:8)
  15 killer bees
  2 electric eels (Lair:3)
  5 howler monkeys
  A crimson imp (D:7)
  8 hounds
  3 jellies
  17 orc priests
  2 gnoll boudas
  Terence (D:3)
  2 iguanas (D:5)
  Ijyb (D:5)
  6 hell rats (Lair:1)
  26 orc wizards
  Robin (D:3)
  8 adders
  4 shadow imps (Gauntlet)
  2 white imps
  An ufetubus (D:5)
  A worm (D:3)
  2 dart slugs
  105 orcs
  9 bats
  8 endoplasms
  4 giant cockroaches
  14 goblins
  10 hobgoblins
  4 jackals (D:2)
  16 kobolds
  4 quokkas
  5 ball pythons
  A frilled lizard (D:3)
  3 goblin skeletons (D:7)
  2 goblin zombies (D:7)
  4 hobgoblin zombies (D:7)
  2 kobold skeletons (D:7)
  A kobold zombie (D:7)
  2 orc zombies (D:7)
  11 rats
793 creatures vanquished.

Vanquished Creatures (others)
  A golden eye (shapeshifter) (D:10)
  33 fungi
  93 plants
  4 withered plants (D:13)
131 creatures vanquished.

Grand Total: 924 creatures vanquished

Notes
Turn   | Place    | Note
-------+----------+-------------------------------------------
     0 | D:1      | qw the Gargoyle Fighter began the quest for the Orb.
     0 | D:1      | Reached XP level 1. HP: 14/14 MP: 1/1
     0 | D:1      | 0 ||| qw: Version: 0.2-a-12-gaebbb33
     0 | D:1      | 0 ||| qw: Game counter: 951
     0 | D:1      | 0 ||| qw: Always use a shield: true
     0 | D:1      | 0 ||| qw: God list: Okawaru
     0 | D:1      | 0 ||| qw: Allow faded altars: false
     0 | D:1      | 0 ||| qw: Do Orc after D:15 true
     0 | D:1      | 0 ||| qw: Do second Lair branch before Depths: true
     0 | D:1      | 0 ||| qw: Lair rune preference: random
     0 | D:1      | 0 ||| qw: Plans: Normal, Zot:1-4, God:TSO, Crypt, Tomb,
                  | Pan, Slime:5, Hells, Abyss, Orb
     0 | D:1      | 0 ||| PLANNING D:1-11
   163 | D:1      | Reached XP level 2. HP: 13/19 MP: 2/2
   330 | D:1      | 330 ||| Stepping ~*~*~tactically~*~*~ (stealth).
   333 | D:1      | 333 ||| Stepping ~*~*~tactically~*~*~ (stealth).
   771 | D:1      | 771 ||| UPGRADING to +0 pair of gloves.
   776 | D:1      | 776 ||| UPGRADING to +0 chain mail.
   786 | D:1      | 786 ||| DROPPING +0 scale mail.
   787 | D:1      | 787 ||| READING scroll labelled CIPUENEAKO.
   788 | D:1      | 788 ||| READING 2 scrolls labelled KIURROL PODUH.
   789 | D:1      | 789 ||| DROPPING scroll of noise.
   851 | D:2      | Reached skill level 3 in Axes
   861 | D:2      | 861 ||| DROPPING +0 club.
   897 | D:2      | Reached XP level 3. HP: 17/23 MP: 3/3
  1346 | D:2      | 1346 ||| Stepping ~*~*~tactically~*~*~ (stealth).
  1353 | D:2      | Reached XP level 4. HP: 23/28 MP: 4/4
  1368 | D:2      | 1368 ||| Stepping ~*~*~tactically~*~*~ (stealth).
  1381 | D:2      | 1381 ||| Stepping ~*~*~tactically~*~*~ (stealth).
  1402 | D:2      | 1402 ||| Stepping ~*~*~tactically~*~*~ (stealth).
  1441 | D:2      | 1441 ||| READING scroll labelled FOBYXEVUAL.
  1442 | D:2      | 1442 ||| READING 2 scrolls labelled GOCIEGHONIQ.
  1443 | D:2      | 1443 ||| DRINKING 2 yellow potions.
  1444 | D:2      | 1444 ||| DRINKING 2 metallic green potions.
  1505 | D:3      | Noticed Robin
  1506 | D:3      | 1506 ||| Stepping ~*~*~tactically~*~*~ (hiding).
  1511 | D:3      | Killed Robin
  1532 | D:3      | 1532 ||| FLEEEEING.
  1533 | D:3      | 1533 ||| FLEEEEING.
  1534 | D:3      | 1534 ||| FLEEEEING.
  1535 | D:3      | 1535 ||| FLEEEEING.
  1536 | D:3      | 1536 ||| FLEEEEING.
  1537 | D:3      | 1537 ||| FLEEEEING.
  1538 | D:3      | 1538 ||| STAIRDANCE
  1640 | D:3      | 1640 ||| DROPPING +0 whip.
  1709 | D:3      | 1709 ||| Stepping ~*~*~tactically~*~*~ (stealth).
  1845 | D:3      | Found a faded altar of an unknown god.
  1859 | D:3      | 1859 ||| Stepping ~*~*~tactically~*~*~ (hiding).
  1861 | D:3      | 1861 ||| Stepping ~*~*~tactically~*~*~ (hiding).
  1862 | D:3      | 1862 ||| Stepping ~*~*~tactically~*~*~ (hiding).
  1863 | D:3      | 1863 ||| Stepping ~*~*~tactically~*~*~ (hiding).
  1865 | D:3      | 1865 ||| Stepping ~*~*~tactically~*~*~ (hiding).
  1867 | D:3      | 1867 ||| Stepping ~*~*~tactically~*~*~ (hiding).
  1875 | D:3      | Reached XP level 5. HP: 26/32 MP: 5/5
  1976 | D:3      | 1976 ||| DROPPING +3 mace.
  2031 | D:3      | Noticed Terence
  2046 | D:3      | HP: 7/32 [Terence/+0 mace of holy wrath (3)]
  2047 | D:3      | Killed Terence
  2547 | D:3      | Found a shimmering blue altar of Sif Muna.
  2548 | D:3      | Found a basalt altar of Yredelemnul.
  2549 | D:3      | Found a broken altar of Ashenzari.
  2550 | D:3      | Found an opulent altar of Gozag.
  2571 | D:3      | Found an iron altar of Okawaru.
  2572 | D:3      | 2572 ||| PLANNING OKAWARU WORSHIP
  2572 | D:3      | 2572 ||| FLEEEEING.
  2574 | D:3      | 2574 ||| FLEEEEING.
  2575 | D:3      | 2575 ||| FLEEEEING.
  2580 | D:3      | 2580 ||| FLEEEEING.
  2581 | D:3      | 2581 ||| FLEEEEING.
  2582 | D:3      | 2582 ||| FLEEEEING.
  2583 | D:3      | 2583 ||| FLEEEEING.
  2587 | D:3      | 2587 ||| FLEEEEING.
  2588 | D:3      | 2588 ||| FLEEEEING.
  2594 | D:3      | 2594 ||| FLEEEEING.
  2595 | D:3      | 2595 ||| FLEEEEING.
  2596 | D:3      | 2596 ||| FLEEEEING.
  2597 | D:3      | 2597 ||| FLEEEEING.
  2598 | D:3      | 2598 ||| FLEEEEING.
  2599 | D:3      | 2599 ||| FLEEEEING.
  2602 | D:3      | 2602 ||| FLEEEEING.
  2606 | D:3      | 2606 ||| FLEEEEING.
  2607 | D:3      | 2607 ||| FLEEEEING.
  2608 | D:3      | 2608 ||| FLEEEEING.
  2609 | D:3      | 2609 ||| FLEEEEING.
  2610 | D:3      | 2610 ||| FLEEEEING.
  2611 | D:3      | 2611 ||| FLEEEEING.
  2612 | D:3      | 2612 ||| FLEEEEING.
  2613 | D:3      | 2613 ||| FLEEEEING.
  2614 | D:3      | 2614 ||| FLEEEEING.
  2615 | D:3      | 2615 ||| FLEEEEING.
  2616 | D:3      | 2616 ||| FLEEEEING.
  2617 | D:3      | 2617 ||| FLEEEEING.
  2618 | D:3      | 2618 ||| FLEEEEING.
  2619 | D:3      | 2619 ||| FLEEEEING.
  2620 | D:3      | 2620 ||| FLEEEEING.
  2622 | D:3      | 2622 ||| STAIRDANCE
  2624 | D:2      | 2624 ||| UPGRADING to +0 helmet.
  2629 | D:2      | 2629 ||| UPGRADING to +0 plate armour.
  2639 | D:2      | 2639 ||| DROPPING +0 chain mail.
  2640 | D:2      | 2640 ||| READING 2 scrolls labelled BELUUB LOJ.
  2641 | D:2      | 2641 ||| READING 2 scrolls of identify.
  2641 | D:2      | 2641 ||| IDENTIFYING metallic black potion
  2642 | D:2      | 2642 ||| DROPPING potion of degeneration.
  2643 | D:2      | 2643 ||| DROPPING scroll of blinking.
  2646 | D:3      | 2646 ||| STAIRDANCE
  2665 | D:3      | 2665 ||| STAIRDANCE
  2749 | D:3      | Became a worshipper of Warmaster Okawaru
  2750 | D:3      | 2750 ||| PLANNING D:1-11
  2790 | D:3      | Identified the +2 robe of Least Resistance {Fly rElec}
  2881 | D:3      | Noticed Sigmund
  2882 | D:3      | 2882 ||| Stepping ~*~*~tactically~*~*~ (hiding).
  2890 | D:3      | 2890 ||| DRINKING potion of curing.
  2890 | D:3      | 2890 ||| (to cure confusion)
  2891 | D:3      | Killed Sigmund
  2891 | D:3      | Reached * piety under Okawaru
  2892 | D:3      | Reached XP level 6. HP: 28/40 MP: 6/6
  3002 | D:3      | Noticed Grinder
  3006 | D:3      | 3006 ||| INVOKING Heroism.
  3007 | D:3      | 3007 ||| INVOKING Heroism.
  3007 | D:3      | Paralysed by Grinder for 4 turns
  3015 | D:3      | Paralysed by Grinder for 5 turns
  3021 | D:3      | Killed Grinder
  3022 | D:3      | Reached skill level 6 in Axes
  3022 | D:3      | Reached XP level 7. HP: 35/44 MP: 5/7
  3304 | D:4      | Noticed Edmund
  3305 | D:4      | 3305 ||| INVOKING Heroism.
  3316 | D:4      | 3316 ||| INVOKING Heroism.
  3319 | D:4      | Killed Edmund
  3320 | D:4      | Reached skill level 1 in Invocations
  3321 | D:4      | 3321 ||| Stepping ~*~*~tactically~*~*~ (stealth).
  3407 | D:4      | 3407 ||| Stepping ~*~*~tactically~*~*~ (stealth).
  3412 | D:4      | 3412 ||| INVOKING Heroism.
  3422 | D:4      | 3422 ||| FLEEEEING.
  3423 | D:4      | 3423 ||| FLEEEEING.
  3424 | D:4      | 3424 ||| FLEEEEING.
  3425 | D:4      | 3425 ||| FLEEEEING.
  3429 | D:4      | 3429 ||| FLEEEEING.
  3430 | D:4      | 3430 ||| FLEEEEING.
  3431 | D:4      | 3431 ||| FLEEEEING.
  3432 | D:4      | 3432 ||| FLEEEEING.
  3433 | D:4      | 3433 ||| FLEEEEING.
  3434 | D:4      | 3434 ||| FLEEEEING.
  3435 | D:4      | 3435 ||| FLEEEEING.
  3436 | D:4      | 3436 ||| STAIRDANCE
  3573 | D:3      | 3573 ||| READING scroll labelled MUFAAM ULUA.
  3573 | D:3      | Identified a scroll of acquirement
  3573 | D:3      | 3573 ||| ACQUIRING +2 broad axe of venom
  3573 | D:3      | Acquired a +2 broad axe of venom
  3575 | D:3      | 3575 ||| SWAPPING to +2 broad axe of venom.
  3576 | D:3      | 3576 ||| DROPPING +0 war axe of electrocution.
  3577 | D:3      | 3577 ||| READING scroll labelled UZI OLOSTO.
  3578 | D:3      | 3578 ||| DRINKING 2 ruby potions.
  3615 | D:4      | 3615 ||| Stepping ~*~*~tactically~*~*~ (stealth).
  3617 | D:4      | 3617 ||| Stepping ~*~*~tactically~*~*~ (stealth).
  3619 | D:4      | 3619 ||| Stepping ~*~*~tactically~*~*~ (stealth).
  3620 | D:4      | 3620 ||| Stepping ~*~*~tactically~*~*~ (stealth).
  3634 | D:4      | 3634 ||| READING scroll of brand weapon.
  3634 | D:4      | 3634 ||| BRANDING +3 broad axe of venom.
  3648 | D:4      | 3648 ||| Stepping ~*~*~tactically~*~*~ (stealth).
  3657 | D:4      | Reached skill level 1 in Throwing
  3706 | D:4      | 3706 ||| READING scroll of acquirement.
  3706 | D:4      | 3706 ||| ACQUIRING +1 tower shield of cold resistance
  3706 | D:4      | Acquired a +1 tower shield of cold resistance
  3708 | D:4      | 3708 ||| UPGRADING to +1 pair of gloves.
  3718 | D:4      | 3718 ||| DROPPING +0 pair of gloves.
  3719 | D:4      | 3719 ||| UPGRADING to +1 tower shield of cold resistance.
  3729 | D:4      | 3729 ||| DROPPING +0 buckler.
  3793 | D:4      | 3793 ||| Stepping ~*~*~tactically~*~*~ (stealth).
  3854 | D:4      | 3854 ||| Stepping ~*~*~tactically~*~*~ (stealth).
  3855 | D:4      | 3855 ||| Stepping ~*~*~tactically~*~*~ (stealth).
  3861 | D:4      | 3861 ||| Stepping ~*~*~tactically~*~*~ (stealth).
  3862 | D:4      | 3862 ||| INVOKING Heroism.
  4000 | D:4      | 4000 ||| READING scroll labelled VUMUTE HEXORES.
  4001 | D:4      | 4001 ||| READING scroll labelled DACEUT ZAACVE.
  4002 | D:4      | 4002 ||| DRINKING 4 metallic emerald potions.
  4048 | D:4      | 4048 ||| READING 2 scrolls of identify.
  4048 | D:4      | 4048 ||| IDENTIFYING lumpy white potion
  4070 | D:5      | Entered Level 5 of the Dungeon
  4116 | D:5      | 4116 ||| Stepping ~*~*~tactically~*~*~ (hiding).
  4118 | D:5      | 4118 ||| INVOKING Heroism.
  4128 | D:5      | Reached skill level 3 in Invocations
  4129 | D:5      | Reached XP level 8. HP: 50/50 MP: 7/10
  4180 | D:5      | Noticed Ijyb
  4181 | D:5      | 4181 ||| Stepping ~*~*~tactically~*~*~ (hiding).
  4183 | D:5      | 4183 ||| INVOKING Heroism.
  4190 | D:5      | Killed Ijyb
  4191 | D:5      | Reached skill level 4 in Shields
  4376 | D:5      | 4376 ||| Stepping ~*~*~tactically~*~*~ (hiding).
  4382 | D:5      | 4382 ||| INVOKING Heroism.
  4671 | D:5      | Reached skill level 5 in Shields
  4714 | D:5      | Found a staircase to the Ecumenical Temple.
  4726 | D:5      | Reached ** piety under Okawaru
  4776 | D:5      | Noticed Menkaure
  4777 | D:5      | 4777 ||| Stepping ~*~*~tactically~*~*~ (hiding).
  4778 | D:5      | 4778 ||| Stepping ~*~*~tactically~*~*~ (hiding).
  4779 | D:5      | 4779 ||| Stepping ~*~*~tactically~*~*~ (hiding).
  4780 | D:5      | 4780 ||| INVOKING Heroism.
  4785 | D:5      | Killed Menkaure
  4786 | D:5      | Reached skill level 6 in Shields
  4791 | D:5      | 4791 ||| Stepping ~*~*~tactically~*~*~ (stealth).
  4814 | D:5      | 4814 ||| Stepping ~*~*~tactically~*~*~ (stealth).
  4817 | D:5      | Noticed Pikel
  4818 | D:5      | 4818 ||| INVOKING Heroism.
  4827 | D:5      | Killed Pikel
  4828 | D:5      | Reached skill level 8 in Shields
  4828 | D:5      | Reached XP level 9. HP: 54/54 MP: 10/12
  4854 | D:5      | 4854 ||| INVOKING Heroism.
  4880 | D:5      | 4880 ||| Stepping ~*~*~tactically~*~*~ (hiding).
  4884 | D:5      | 4884 ||| INVOKING Heroism.
  5067 | D:5      | Found a shimmering altar of Xom.
  5101 | D:5      | 5101 ||| READING scroll of enchant armour.
  5101 | D:5      | 5101 ||| ENCHANTING +1 pair of gloves.
  5345 | D:5      | 5345 ||| READING scroll labelled KUIPUAMORPH.
  5346 | D:5      | 5346 ||| DRINKING 2 sedimented grey potions.
  5347 | D:5      | 5347 ||| READING 3 scrolls of identify.
  5347 | D:5      | 5347 ||| IDENTIFYING emerald potion
  5348 | D:5      | 5348 ||| READING 2 scrolls of identify.
  5348 | D:5      | 5348 ||| IDENTIFYING red potion
  5349 | D:5      | 5349 ||| DROPPING potion of invisibility.
  5350 | D:5      | 5350 ||| DROPPING potion of brilliance.
  5403 | D:6      | 5403 ||| INVOKING Heroism.
  5408 | D:6      | Reached skill level 9 in Shields
  5433 | D:6      | 5433 ||| Stepping ~*~*~tactically~*~*~ (hiding).
  5435 | D:6      | 5435 ||| Stepping ~*~*~tactically~*~*~ (hiding).
  5437 | D:6      | 5437 ||| Stepping ~*~*~tactically~*~*~ (hiding).
  5440 | D:6      | 5440 ||| INVOKING Heroism.
  5451 | D:6      | 5451 ||| Stepping ~*~*~tactically~*~*~ (stealth).
  5540 | D:6      | 5540 ||| INVOKING Heroism.
  5558 | D:6      | Found an ornate altar of the Wu Jian Council.
  5625 | D:6      | 5625 ||| Stepping ~*~*~tactically~*~*~ (stealth).
  5635 | D:6      | Reached *** piety under Okawaru
  5688 | D:6      | Reached skill level 10 in Shields
  5911 | D:6      | 5911 ||| READING scroll labelled MOEZAO DOYDEGG.
  5912 | D:6      | 5912 ||| READING scroll labelled ULI CUN FIXT.
  5922 | D:7      | Noticed a hornet
  5930 | D:7      | 5930 ||| INVOKING Heroism.
  5934 | D:7      | Killed a hornet
  6046 | D:7      | Found Fusimuom's Assorted Antiques.
  6051 | D:7      | 6051 ||| BUYING amethyst potion (18 gold).
  6051 | D:7      | Bought an amethyst potion for 18 gold pieces
  6051 | D:7      | 6051 ||| BUYING moonstone ring (100 gold).
  6051 | D:7      | Bought a moonstone ring for 100 gold pieces
  6051 | D:7      | 6051 ||| BUYING potion of heal wounds (100 gold).
  6051 | D:7      | Bought a potion of heal wounds for 100 gold pieces
  6051 | D:7      | 6051 ||| BUYING potion of might (80 gold).
  6051 | D:7      | Bought a potion of might for 80 gold pieces
  6051 | D:7      | 6051 ||| SHOPLISTING scroll labelled KYZXIYNGUU (20 gold,
                  | have 8).
  6074 | D:7      | 6074 ||| Stepping ~*~*~tactically~*~*~ (hiding).
  6077 | D:7      | 6077 ||| INVOKING Heroism.
  6078 | D:7      | 6078 ||| Stepping ~*~*~tactically~*~*~ (cloud).
  6089 | D:7      | 6089 ||| INVOKING Heroism.
  6095 | D:7      | 6095 ||| FLEEEEING.
  6096 | D:7      | 6096 ||| FLEEEEING.
  6097 | D:7      | 6097 ||| FLEEEEING.
  6098 | D:7      | 6098 ||| FLEEEEING.
  6099 | D:7      | 6099 ||| FLEEEEING.
  6101 | D:7      | 6101 ||| FLEEEEING.
  6102 | D:7      | 6102 ||| FLEEEEING.
  6105 | D:7      | 6105 ||| FLEEEEING.
  6106 | D:7      | 6106 ||| FLEEEEING.
  6107 | D:7      | 6107 ||| FLEEEEING.
  6108 | D:7      | 6108 ||| FLEEEEING.
  6109 | D:7      | 6109 ||| FLEEEEING.
  6110 | D:7      | 6110 ||| FLEEEEING.
  6111 | D:7      | 6111 ||| STAIRDANCE
  6271 | D:6      | 6271 ||| DROPPING ring of poison resistance.
  6272 | D:6      | 6272 ||| READING scroll labelled KYZXIYNGUU.
  6278 | D:7      | Reached skill level 1 in Dodging
  6313 | D:7      | 6313 ||| Stepping ~*~*~tactically~*~*~ (stealth).
  6315 | D:7      | 6315 ||| Stepping ~*~*~tactically~*~*~ (stealth).
  6322 | D:7      | 6322 ||| Stepping ~*~*~tactically~*~*~ (stealth).
  6353 | D:7      | 6353 ||| Stepping ~*~*~tactically~*~*~ (stealth).
  6354 | D:7      | 6354 ||| INVOKING Heroism.
  6395 | D:7      | Received a gift from Okawaru
  6396 | D:7      | Reached XP level 10. HP: 46/59 MP: 13/13
  6492 | D:7      | 6492 ||| FLEEEEING.
  6493 | D:7      | 6493 ||| FLEEEEING.
  6494 | D:7      | 6494 ||| FLEEEEING.
  6495 | D:7      | 6495 ||| FLEEEEING.
  6496 | D:7      | 6496 ||| FLEEEEING.
  6497 | D:7      | 6497 ||| FLEEEEING.
  6501 | D:7      | 6501 ||| FLEEEEING.
  6502 | D:7      | 6502 ||| DRINKING 2 potions of curing.
  6502 | D:7      | 6502 ||| (to cure confusion)
  6506 | D:7      | 6506 ||| Stepping ~*~*~tactically~*~*~ (hiding).
  6626 | D:7      | Reached skill level 11 in Shields
  6665 | D:7      | 6665 ||| Stepping ~*~*~tactically~*~*~ (stealth).
  6675 | D:7      | 6675 ||| Stepping ~*~*~tactically~*~*~ (stealth).
  6676 | D:7      | 6676 ||| Stepping ~*~*~tactically~*~*~ (stealth).
  6683 | D:7      | Found a glowing golden altar of the Shining One.
  6684 | D:7      | 6684 ||| INVOKING Heroism.
  6692 | D:7      | 6692 ||| Stepping ~*~*~tactically~*~*~ (stealth).
  6889 | D:7      | Found a runed translucent door.
  6890 | D:7      | Noticed Crazy Yiuf
  7019 | D:7      | 7019 ||| UPGRADING to ring of see invisible.
  7020 | D:7      | 7020 ||| READING 2 scrolls of identify.
  7020 | D:7      | 7020 ||| IDENTIFYING amethyst potion
  7117 | D:8      | 7117 ||| Stepping ~*~*~tactically~*~*~ (stealth).
  7132 | D:8      | 7132 ||| Stepping ~*~*~tactically~*~*~ (stealth).
  7133 | D:8      | 7133 ||| Stepping ~*~*~tactically~*~*~ (stealth).
  7204 | D:8      | Found a sacrificial altar of Ru.
  7267 | D:8      | 7267 ||| Stepping ~*~*~tactically~*~*~ (stealth).
  7269 | D:8      | 7269 ||| Stepping ~*~*~tactically~*~*~ (stealth).
  7271 | D:8      | 7271 ||| Stepping ~*~*~tactically~*~*~ (stealth).
  7273 | D:8      | 7273 ||| Stepping ~*~*~tactically~*~*~ (stealth).
  7274 | D:8      | 7274 ||| Stepping ~*~*~tactically~*~*~ (stealth).
  7277 | D:8      | 7277 ||| Stepping ~*~*~tactically~*~*~ (stealth).
  7280 | D:8      | 7280 ||| INVOKING Heroism.
  7289 | D:8      | Reached **** piety under Okawaru
  7404 | D:8      | 7404 ||| Stepping ~*~*~tactically~*~*~ (stealth).
  7406 | D:8      | 7406 ||| Stepping ~*~*~tactically~*~*~ (hiding).
  7516 | D:8      | 7516 ||| INVOKING Heroism.
  7522 | D:8      | 7522 ||| Stepping ~*~*~tactically~*~*~ (hiding).
  7524 | D:8      | 7524 ||| Stepping ~*~*~tactically~*~*~ (hiding).
  7532 | D:8      | Reached skill level 6 in Fighting
  7543 | D:8      | 7543 ||| Stepping ~*~*~tactically~*~*~ (stealth).
  7544 | D:8      | 7544 ||| INVOKING Heroism.
  7547 | D:8      | HP: 8/60 [steam dragon/ball of steam (15)]
  7548 | D:8      | 7548 ||| READING scroll of teleportation.
  7549 | D:8      | 7549 ||| DRINKING 3 potions of heal wounds.
  7650 | D:8      | 7650 ||| INVOKING Heroism.
  7731 | D:8      | Found a blossoming altar of Fedhas.
  7742 | D:8      | Found an ancient bone altar of Kikubaaqudgha.
  7882 | D:8      | 7882 ||| Stepping ~*~*~tactically~*~*~ (stealth).
  7890 | D:8      | 7890 ||| Stepping ~*~*~tactically~*~*~ (stealth).
  7891 | D:8      | 7891 ||| Stepping ~*~*~tactically~*~*~ (stealth).
  7937 | D:8      | 7937 ||| INVOKING Heroism.
  7938 | D:8      | 7938 ||| Stepping ~*~*~tactically~*~*~ (cloud).
  7939 | D:8      | 7939 ||| Stepping ~*~*~tactically~*~*~ (hiding).
  7956 | D:8      | 7956 ||| Stepping ~*~*~tactically~*~*~ (stealth).
  7958 | D:8      | 7958 ||| Stepping ~*~*~tactically~*~*~ (hiding).
  7959 | D:8      | 7959 ||| Stepping ~*~*~tactically~*~*~ (hiding).
  7964 | D:8      | 7964 ||| INVOKING Heroism.
  7964 | D:8      | Paralysed by a gnoll bouda for 3 turns
  7972 | D:8      | Reached skill level 6 in Invocations
  8062 | D:8      | 8062 ||| UPGRADING to +4 ring of protection.
  8141 | D:9      | 8141 ||| INVOKING Heroism.
  8208 | D:9      | Noticed Maurice
  8217 | D:9      | Killed Maurice
  8218 | D:9      | Reached XP level 11. HP: 53/64 MP: 15/15
  8328 | D:9      | 8328 ||| Stepping ~*~*~tactically~*~*~ (stealth).
  8330 | D:9      | 8330 ||| INVOKING Heroism.
  8341 | D:9      | Reached skill level 9 in Axes
  8353 | D:9      | HP: 15/64 [killer bee (5)]
  8354 | D:9      | 8354 ||| READING 2 scrolls of teleportation.
  8355 | D:9      | 8355 ||| DRINKING 2 potions of heal wounds.
  8366 | D:9      | 8366 ||| INVOKING Heroism.
  8550 | D:9      | 8550 ||| INVOKING Heroism.
  8562 | D:9      | 8562 ||| Stepping ~*~*~tactically~*~*~ (stealth).
  8568 | D:9      | 8568 ||| Stepping ~*~*~tactically~*~*~ (stealth).
  8573 | D:9      | 8573 ||| INVOKING Heroism.
  8574 | D:9      | Found a staircase to the Lair.
  8577 | D:9      | 8577 ||| Stepping ~*~*~tactically~*~*~ (water).
  8677 | D:9      | 8677 ||| INVOKING Heroism.
  8716 | D:9      | 8716 ||| INVOKING Heroism.
  8718 | D:9      | 8718 ||| Stepping ~*~*~tactically~*~*~ (cloud).
  8725 | D:9      | 8725 ||| Stepping ~*~*~tactically~*~*~ (cloud).
  8880 | D:9      | 8880 ||| INVOKING Heroism.
  8909 | D:9      | 8909 ||| READING scroll of brand weapon.
  8909 | D:9      | 8909 ||| BRANDING +3 vorpal broad axe.
  8943 | D:9      | 8943 ||| INVOKING Heroism.
  8954 | D:9      | Reached skill level 12 in Shields
  9110 | D:9      | 9110 ||| PLANNING LAIR
  9110 | D:9      | 9110 ||| UPGRADING to +2 cloak of preservation.
  9115 | D:9      | 9115 ||| READING 4 scrolls of identify.
  9115 | D:9      | 9115 ||| IDENTIFYING silvery potion
  9116 | D:9      | 9116 ||| READING 3 scrolls of identify.
  9116 | D:9      | 9116 ||| IDENTIFYING blue potion
  9117 | D:9      | 9117 ||| DROPPING potion of berserk rage.
  9123 | Lair:1   | Entered Level 1 of the Lair of Beasts
  9187 | Lair:1   | Reached ***** piety under Okawaru
  9236 | Lair:1   | 9236 ||| INVOKING Heroism.
  9319 | Lair:1   | 9319 ||| INVOKING Heroism.
  9328 | Lair:1   | Reached skill level 6 in Armour
  9348 | Lair:1   | 9348 ||| Stepping ~*~*~tactically~*~*~ (hiding).
  9454 | Lair:1   | 9454 ||| DROPPING +0 morningstar.
  9735 | Lair:1   | 9735 ||| READING scroll labelled ANKUCWI AHEXU.
  9736 | Lair:1   | 9736 ||| READING 2 scrolls of identify.
  9736 | Lair:1   | 9736 ||| IDENTIFYING dark potion
  9737 | Lair:1   | 9737 ||| DROPPING potion of flight.
  9748 | Lair:2   | 9748 ||| INVOKING Heroism.
  9754 | Lair:2   | 9754 ||| STAIRDANCE
  9764 | Lair:2   | 9764 ||| STAIRDANCE
  9774 | Lair:1   | Reached skill level 9 in Invocations
  9814 | Lair:2   | 9814 ||| INVOKING Heroism.
  9816 | Lair:2   | 9816 ||| STAIRDANCE
  9879 | Lair:2   | 9879 ||| INVOKING Heroism.
  9946 | Lair:2   | 9946 ||| INVOKING Heroism.
 10031 | Lair:2   | Found a staircase to the Swamp.
 10054 | Lair:2   | 10054 ||| READING scroll of enchant armour.
 10054 | Lair:2   | 10054 ||| ENCHANTING +0 helmet.
 10109 | Lair:2   | 10109 ||| INVOKING Heroism.
 10115 | Lair:2   | Reached XP level 12. HP: 72/72 MP: 17/19
 10169 | Lair:2   | 10169 ||| FLEEEEING.
 10170 | Lair:2   | 10170 ||| FLEEEEING.
 10171 | Lair:2   | 10171 ||| FLEEEEING.
 10172 | Lair:2   | 10172 ||| FLEEEEING.
 10173 | Lair:2   | 10173 ||| FLEEEEING.
 10174 | Lair:2   | 10174 ||| FLEEEEING.
 10175 | Lair:2   | 10175 ||| FLEEEEING.
 10176 | Lair:2   | 10176 ||| FLEEEEING.
 10177 | Lair:2   | 10177 ||| FLEEEEING.
 10178 | Lair:2   | 10178 ||| FLEEEEING.
 10179 | Lair:2   | 10179 ||| FLEEEEING.
 10180 | Lair:2   | 10180 ||| FLEEEEING.
 10181 | Lair:2   | 10181 ||| FLEEEEING.
 10182 | Lair:2   | 10182 ||| FLEEEEING.
 10183 | Lair:2   | 10183 ||| FLEEEEING.
 10184 | Lair:2   | 10184 ||| FLEEEEING.
 10186 | Lair:2   | 10186 ||| INVOKING Heroism.
 10215 | Lair:2   | Found a snail-covered altar of Cheibriados.
 10229 | Lair:2   | 10229 ||| INVOKING Heroism.
 10274 | Lair:2   | 10274 ||| FLEEEEING.
 10275 | Lair:2   | 10275 ||| FLEEEEING.
 10276 | Lair:2   | 10276 ||| FLEEEEING.
 10277 | Lair:2   | 10277 ||| FLEEEEING.
 10278 | Lair:2   | 10278 ||| FLEEEEING.
 10279 | Lair:2   | 10279 ||| FLEEEEING.
 10281 | Lair:2   | 10281 ||| INVOKING Heroism.
 10285 | Lair:2   | Identified the +3 plate armour of Anaesthesia {Regen+}
                  | (Okawaru gifted it to you on level 2 of the Lair of Beasts)
 10285 | Lair:2   | Received a gift from Okawaru
 10314 | Lair:2   | 10314 ||| FLEEEEING.
 10315 | Lair:2   | 10315 ||| FLEEEEING.
 10316 | Lair:2   | 10316 ||| FLEEEEING.
 10317 | Lair:2   | 10317 ||| FLEEEEING.
 10318 | Lair:2   | 10318 ||| FLEEEEING.
 10319 | Lair:2   | 10319 ||| FLEEEEING.
 10320 | Lair:2   | 10320 ||| FLEEEEING.
 10321 | Lair:2   | 10321 ||| FLEEEEING.
 10322 | Lair:2   | 10322 ||| FLEEEEING.
 10323 | Lair:2   | 10323 ||| FLEEEEING.
 10324 | Lair:2   | 10324 ||| FLEEEEING.
 10325 | Lair:2   | 10325 ||| FLEEEEING.
 10326 | Lair:2   | 10326 ||| FLEEEEING.
 10327 | Lair:2   | 10327 ||| FLEEEEING.
 10328 | Lair:2   | 10328 ||| FLEEEEING.
 10329 | Lair:2   | 10329 ||| FLEEEEING.
 10330 | Lair:2   | 10330 ||| FLEEEEING.
 10331 | Lair:2   | 10331 ||| FLEEEEING.
 10332 | Lair:2   | 10332 ||| FLEEEEING.
 10333 | Lair:2   | 10333 ||| FLEEEEING.
 10334 | Lair:2   | 10334 ||| FLEEEEING.
 10335 | Lair:2   | 10335 ||| FLEEEEING.
 10337 | Lair:2   | 10337 ||| FLEEEEING.
 10338 | Lair:2   | 10338 ||| FLEEEEING.
 10339 | Lair:2   | 10339 ||| STAIRDANCE
 10341 | Lair:1   | 10341 ||| UPGRADING to +3 plate armour of Anaesthesia
                  | {Regen+}.
 10351 | Lair:1   | 10351 ||| DROPPING +0 plate armour.
 10352 | Lair:1   | 10352 ||| UPGRADING to amulet of regeneration.
 10359 | Lair:2   | 10359 ||| INVOKING Heroism.
 10420 | Lair:2   | Found a hole to the Spider Nest.
 10492 | Lair:2   | 10492 ||| INVOKING Heroism.
 10493 | Lair:2   | 10493 ||| Stepping ~*~*~tactically~*~*~ (stealth).
 10494 | Lair:2   | 10494 ||| Stepping ~*~*~tactically~*~*~ (stealth).
 10523 | Lair:2   | 10523 ||| READING scroll of enchant weapon.
 10523 | Lair:2   | 10523 ||| ENCHANTING +3 broad axe of protection.
 10703 | Lair:2   | 10703 ||| INVOKING Heroism.
 10877 | Lair:2   | 10877 ||| FLEEEEING.
 10878 | Lair:2   | 10878 ||| FLEEEEING.
 10893 | Lair:2   | 10893 ||| INVOKING Heroism.
 10948 | Lair:2   | 10948 ||| READING 2 scrolls of identify.
 10948 | Lair:2   | 10948 ||| IDENTIFYING fizzy dark potion
 10968 | Lair:3   | 10968 ||| INVOKING Heroism.
 10980 | Lair:3   | Reached skill level 13 in Shields
 11015 | Lair:3   | 11015 ||| READING scroll of acquirement.
 11015 | Lair:3   | 11015 ||| ACQUIRING ring "Icvyskesu" {rPois Will+ Str+2
                  | Dex+3}
 11015 | Lair:3   | Acquired the ring "Icvyskesu" {rPois Will+ Str+2 Dex+3}
 11017 | Lair:3   | 11017 ||| DROPPING +6 ring of dexterity.
 11030 | Lair:3   | Noticed a six-headed hydra
 11031 | Lair:3   | 11031 ||| Stepping ~*~*~tactically~*~*~ (stealth).
 11032 | Lair:3   | 11032 ||| Stepping ~*~*~tactically~*~*~ (stealth).
 11034 | Lair:3   | 11034 ||| INVOKING Heroism.
 11035 | Lair:3   | 11035 ||| INVOKING Finesse.
 11037 | Lair:3   | 11037 ||| Stepping ~*~*~tactically~*~*~ (stealth).
 11040 | Lair:3   | 11040 ||| SWAPPING to +3 morningstar of protection.
 11045 | Lair:3   | 11045 ||| Stepping ~*~*~tactically~*~*~ (outnumbered).
 11056 | Lair:3   | Killed a six-headed hydra
 11057 | Lair:3   | 11057 ||| SWAPPING to +4 broad axe of protection.
 11182 | Lair:3   | 11182 ||| INVOKING Heroism.
 11238 | Lair:3   | 11238 ||| INVOKING Heroism.
 11335 | Lair:3   | 11335 ||| Stepping ~*~*~tactically~*~*~ (stealth).
 11339 | Lair:3   | 11339 ||| INVOKING Heroism.
 11340 | Lair:3   | 11340 ||| Stepping ~*~*~tactically~*~*~ (stealth).
 11405 | Lair:3   | 11405 ||| Stepping ~*~*~tactically~*~*~ (stealth).
 11409 | Lair:3   | 11409 ||| INVOKING Heroism.
 11431 | Lair:3   | Noticed a seven-headed hydra
 11432 | Lair:3   | 11432 ||| INVOKING Finesse.
 11435 | Lair:3   | 11435 ||| INVOKING Heroism.
 11436 | Lair:3   | 11436 ||| SWAPPING to +3 morningstar of protection.
 11442 | Lair:3   | Killed a seven-headed hydra
 11443 | Lair:3   | 11443 ||| SWAPPING to +4 broad axe of protection.
 11547 | Lair:3   | 11547 ||| READING scroll of enchant armour.
 11547 | Lair:3   | 11547 ||| ENCHANTING +1 helmet.
 11562 | Lair:3   | Found a shimmering altar of Xom.
 11566 | Lair:3   | Noticed a five-headed hydra
 11567 | Lair:3   | 11567 ||| INVOKING Heroism.
 11568 | Lair:3   | 11568 ||| INVOKING Finesse.
 11570 | Lair:3   | 11570 ||| SWAPPING to +3 morningstar of protection.
 11577 | Lair:3   | Killed a five-headed hydra
 11578 | Lair:3   | 11578 ||| SWAPPING to +4 broad axe of protection.
 11742 | Lair:3   | 11742 ||| UPGRADING to ring "Icvyskesu" {rPois Will+ Str+2
                  | Dex+3}.
 11856 | Lair:4   | 11856 ||| INVOKING Heroism.
 11902 | Lair:4   | 11902 ||| Stepping ~*~*~tactically~*~*~ (stealth).
 11905 | Lair:4   | 11905 ||| INVOKING Heroism.
 11908 | Lair:4   | 11908 ||| Stepping ~*~*~tactically~*~*~ (stealth).
 11911 | Lair:4   | 11911 ||| Stepping ~*~*~tactically~*~*~ (stealth).
 11917 | Lair:4   | 11917 ||| INVOKING Heroism.
 11925 | Lair:4   | Reached XP level 13. HP: 78/78 MP: 18/20
 11971 | Lair:4   | 11971 ||| INVOKING Heroism.
 12063 | Lair:4   | Noticed Rupert
 12064 | Lair:4   | 12064 ||| INVOKING Heroism.
 12081 | Lair:4   | HP: 16/78 [Rupert/+1 vorpal battleaxe (27)]
 12082 | Lair:4   | 12082 ||| READING 4 scrolls of teleportation.
 12083 | Lair:4   | 12083 ||| DRINKING 2 potions of heal wounds.
 12114 | Lair:4   | 12114 ||| Stepping ~*~*~tactically~*~*~ (stealth).
 12123 | Lair:4   | 12123 ||| INVOKING Heroism.
 12233 | Lair:4   | 12233 ||| INVOKING Heroism.
 12254 | Lair:4   | Killed Rupert
 12255 | Lair:4   | Reached skill level 9 in Fighting
 12285 | Lair:4   | Reached skill level 14 in Shields
 12354 | Lair:4   | 12354 ||| INVOKING Heroism.
 12355 | Lair:4   | 12355 ||| Stepping ~*~*~tactically~*~*~ (stealth).
 12356 | Lair:4   | 12356 ||| Stepping ~*~*~tactically~*~*~ (stealth).
 12357 | Lair:4   | 12357 ||| Stepping ~*~*~tactically~*~*~ (stealth).
 12358 | Lair:4   | 12358 ||| INVOKING Finesse.
 12359 | Lair:4   | 12359 ||| Stepping ~*~*~tactically~*~*~ (stealth).
 12386 | Lair:4   | Received a gift from Okawaru
 12399 | Lair:4   | Reached skill level 12 in Axes
 12942 | Lair:5   | Entered Level 5 of the Lair of Beasts
 12943 | Lair:5   | 12943 ||| INVOKING Heroism.
 12944 | Lair:5   | 12944 ||| STAIRDANCE
 12957 | Lair:5   | 12957 ||| STAIRDANCE
 12959 | Lair:4   | 12959 ||| SWAPPING to +3 morningstar of protection.
 12960 | Lair:4   | 12960 ||| INVOKING Finesse.
 12965 | Lair:4   | Reached skill level 9 in Armour
 12965 | Lair:4   | 12965 ||| SWAPPING to +4 broad axe of protection.
 12997 | Lair:5   | 12997 ||| INVOKING Heroism.
 13017 | Lair:5   | 13017 ||| INVOKING Finesse.
 13025 | Lair:5   | 13025 ||| SWAPPING to +3 morningstar of protection.
 13032 | Lair:5   | 13032 ||| Stepping ~*~*~tactically~*~*~ (outnumbered).
 13033 | Lair:5   | 13033 ||| Stepping ~*~*~tactically~*~*~ (outnumbered).
 13035 | Lair:5   | 13035 ||| Stepping ~*~*~tactically~*~*~ (outnumbered).
 13037 | Lair:5   | 13037 ||| SWAPPING to +4 broad axe of protection.
 13061 | Lair:5   | Received a gift from Okawaru
 13063 | Lair:5   | 13063 ||| SWAPPING to +3 morningstar of protection.
 13064 | Lair:5   | 13064 ||| INVOKING Heroism.
 13065 | Lair:5   | 13065 ||| Stepping ~*~*~tactically~*~*~ (outnumbered).
 13068 | Lair:5   | 13068 ||| SWAPPING to +4 broad axe of protection.
 13070 | Lair:5   | 13070 ||| SWAPPING to +3 morningstar of protection.
 13071 | Lair:5   | 13071 ||| Stepping ~*~*~tactically~*~*~ (outnumbered).
 13072 | Lair:5   | 13072 ||| SWAPPING to +4 broad axe of protection.
 13076 | Lair:5   | 13076 ||| SWAPPING to +3 morningstar of protection.
 13078 | Lair:5   | 13078 ||| Stepping ~*~*~tactically~*~*~ (outnumbered).
 13079 | Lair:5   | 13079 ||| Stepping ~*~*~tactically~*~*~ (outnumbered).
 13080 | Lair:5   | 13080 ||| Stepping ~*~*~tactically~*~*~ (outnumbered).
 13081 | Lair:5   | 13081 ||| INVOKING Finesse.
 13082 | Lair:5   | 13082 ||| Stepping ~*~*~tactically~*~*~ (outnumbered).
 13083 | Lair:5   | 13083 ||| Stepping ~*~*~tactically~*~*~ (outnumbered).
 13084 | Lair:5   | 13084 ||| Stepping ~*~*~tactically~*~*~ (outnumbered).
 13085 | Lair:5   | 13085 ||| INVOKING Heroism.
 13086 | Lair:5   | 13086 ||| Stepping ~*~*~tactically~*~*~ (outnumbered).
 13094 | Lair:5   | 13094 ||| SWAPPING to +4 broad axe of protection.
 13098 | Lair:5   | Gained mutation: Your large and strong wings let you fly.
                  | [Gargoyle growth]
 13098 | Lair:5   | Reached XP level 14. HP: 78/88 MP: 14/21
 13158 | Lair:5   | 13158 ||| INVOKING Heroism.
 13239 | Lair:5   | 13239 ||| Stepping ~*~*~tactically~*~*~ (stealth).
 13240 | Lair:5   | 13240 ||| Stepping ~*~*~tactically~*~*~ (stealth).
 13251 | Lair:5   | 13251 ||| Stepping ~*~*~tactically~*~*~ (stealth).
 13269 | Lair:5   | 13269 ||| Stepping ~*~*~tactically~*~*~ (stealth).
 13278 | Lair:5   | 13278 ||| Stepping ~*~*~tactically~*~*~ (stealth).
 13279 | Lair:5   | 13279 ||| Stepping ~*~*~tactically~*~*~ (stealth).
 13331 | Lair:5   | Reached skill level 15 in Shields
 13438 | Lair:5   | 13438 ||| Stepping ~*~*~tactically~*~*~ (stealth).
 13447 | Lair:5   | 13447 ||| Stepping ~*~*~tactically~*~*~ (stealth).
 13453 | Lair:5   | 13453 ||| INVOKING Heroism.
 13458 | Lair:5   | 13458 ||| INVOKING Finesse.
 13463 | Lair:5   | 13463 ||| SWAPPING to +3 morningstar of protection.
 13472 | Lair:5   | 13472 ||| SWAPPING to +4 broad axe of protection.
 13474 | Lair:5   | 13474 ||| SWAPPING to +3 morningstar of protection.
 13476 | Lair:5   | 13476 ||| INVOKING Heroism.
 13482 | Lair:5   | 13482 ||| Stepping ~*~*~tactically~*~*~ (outnumbered).
 13483 | Lair:5   | 13483 ||| Stepping ~*~*~tactically~*~*~ (outnumbered).
 13484 | Lair:5   | 13484 ||| Stepping ~*~*~tactically~*~*~ (outnumbered).
 13485 | Lair:5   | 13485 ||| Stepping ~*~*~tactically~*~*~ (outnumbered).
 13486 | Lair:5   | 13486 ||| Stepping ~*~*~tactically~*~*~ (outnumbered).
 13487 | Lair:5   | 13487 ||| Stepping ~*~*~tactically~*~*~ (outnumbered).
 13488 | Lair:5   | 13488 ||| Stepping ~*~*~tactically~*~*~ (outnumbered).
 13489 | Lair:5   | 13489 ||| Stepping ~*~*~tactically~*~*~ (outnumbered).
 13493 | Lair:5   | 13493 ||| Stepping ~*~*~tactically~*~*~ (outnumbered).
 13494 | Lair:5   | 13494 ||| Stepping ~*~*~tactically~*~*~ (outnumbered).
 13495 | Lair:5   | 13495 ||| Stepping ~*~*~tactically~*~*~ (outnumbered).
 13496 | Lair:5   | 13496 ||| Stepping ~*~*~tactically~*~*~ (outnumbered).
 13497 | Lair:5   | 13497 ||| Stepping ~*~*~tactically~*~*~ (outnumbered).
 13498 | Lair:5   | 13498 ||| Stepping ~*~*~tactically~*~*~ (outnumbered).
 13499 | Lair:5   | 13499 ||| Stepping ~*~*~tactically~*~*~ (outnumbered).
 13500 | Lair:5   | 13500 ||| Stepping ~*~*~tactically~*~*~ (outnumbered).
 13501 | Lair:5   | 13501 ||| Stepping ~*~*~tactically~*~*~ (outnumbered).
 13502 | Lair:5   | 13502 ||| Stepping ~*~*~tactically~*~*~ (outnumbered).
 13503 | Lair:5   | 13503 ||| Stepping ~*~*~tactically~*~*~ (outnumbered).
 13504 | Lair:5   | 13504 ||| Stepping ~*~*~tactically~*~*~ (outnumbered).
 13505 | Lair:5   | 13505 ||| Stepping ~*~*~tactically~*~*~ (outnumbered).
 13506 | Lair:5   | 13506 ||| Stepping ~*~*~tactically~*~*~ (outnumbered).
 13507 | Lair:5   | 13507 ||| Stepping ~*~*~tactically~*~*~ (outnumbered).
 13508 | Lair:5   | 13508 ||| Stepping ~*~*~tactically~*~*~ (outnumbered).
 13509 | Lair:5   | 13509 ||| Stepping ~*~*~tactically~*~*~ (outnumbered).
 13510 | Lair:5   | 13510 ||| Stepping ~*~*~tactically~*~*~ (outnumbered).
 13511 | Lair:5   | 13511 ||| Stepping ~*~*~tactically~*~*~ (outnumbered).
 13513 | Lair:5   | 13513 ||| SWAPPING to +4 broad axe of protection.
 13569 | Lair:5   | 13569 ||| INVOKING Heroism.
 13570 | Lair:5   | 13570 ||| INVOKING Finesse.
 13572 | Lair:5   | 13572 ||| SWAPPING to +3 morningstar of protection.
 13582 | Lair:5   | 13582 ||| SWAPPING to +4 broad axe of protection.
 13590 | Lair:5   | 13590 ||| Stepping ~*~*~tactically~*~*~ (stealth).
 13610 | Lair:5   | 13610 ||| Stepping ~*~*~tactically~*~*~ (stealth).
 13627 | Lair:5   | 13627 ||| Stepping ~*~*~tactically~*~*~ (stealth).
 13641 | Lair:5   | Reached skill level 3 in Dodging
 13659 | Lair:5   | 13659 ||| READING scroll of acquirement.
 13659 | Lair:5   | 13659 ||| ACQUIRING 678 gold pieces
 13659 | Lair:5   | Acquired 678 gold pieces
 13677 | Lair:5   | 13677 ||| Stepping ~*~*~tactically~*~*~ (stealth).
 13681 | Lair:5   | 13681 ||| INVOKING Heroism.
 13714 | Lair:5   | Found a viscous altar of Jiyva.
 13715 | Lair:5   | Found a staircase to the Slime Pits.
 13898 | Lair:5   | 13898 ||| PLANNING D:1-11
 13898 | Lair:5   | 13898 ||| READING scroll labelled SENTOA KAANE.
 13899 | Lair:5   | 13899 ||| READING scroll labelled NAXUOC MUYT.
 14108 | D:10     | Entered Level 10 of the Dungeon
 14260 | D:10     | 14260 ||| Stepping ~*~*~tactically~*~*~ (hiding).
 14261 | D:10     | 14261 ||| Stepping ~*~*~tactically~*~*~ (hiding).
 14370 | D:10     | 14370 ||| Stepping ~*~*~tactically~*~*~ (stealth).
 14371 | D:10     | 14371 ||| Stepping ~*~*~tactically~*~*~ (stealth).
 14408 | D:10     | 14408 ||| Stepping ~*~*~tactically~*~*~ (hiding).
 14409 | D:10     | 14409 ||| Stepping ~*~*~tactically~*~*~ (hiding).
 14463 | D:10     | 14463 ||| Stepping ~*~*~tactically~*~*~ (stealth).
 14465 | D:10     | 14465 ||| Stepping ~*~*~tactically~*~*~ (stealth).
 14493 | D:10     | 14493 ||| Stepping ~*~*~tactically~*~*~ (stealth).
 14500 | D:10     | 14500 ||| Stepping ~*~*~tactically~*~*~ (stealth).
 14513 | D:10     | 14513 ||| INVOKING Heroism.
 14528 | D:10     | Received a gift from Okawaru
 14532 | D:10     | 14532 ||| READING 3 scrolls of enchant weapon.
 14532 | D:10     | 14532 ||| ENCHANTING +4 broad axe of protection.
 14533 | D:10     | 14533 ||| READING 2 scrolls of enchant weapon.
 14533 | D:10     | 14533 ||| ENCHANTING +5 broad axe of protection.
 14534 | D:10     | 14534 ||| READING scroll of enchant weapon.
 14534 | D:10     | 14534 ||| ENCHANTING +6 broad axe of protection.
 14582 | D:10     | 14582 ||| INVOKING Heroism.
 14592 | D:10     | 14592 ||| Stepping ~*~*~tactically~*~*~ (hiding).
 14593 | D:10     | 14593 ||| Stepping ~*~*~tactically~*~*~ (hiding).
 14594 | D:10     | 14594 ||| Stepping ~*~*~tactically~*~*~ (hiding).
 14610 | D:10     | Reached skill level 3 in Throwing
 14617 | D:10     | 14617 ||| Stepping ~*~*~tactically~*~*~ (stealth).
 14618 | D:10     | 14618 ||| Stepping ~*~*~tactically~*~*~ (stealth).
 15046 | D:10     | 15046 ||| INVOKING Heroism.
 15049 | D:10     | 15049 ||| DRINKING 5 potions of curing.
 15049 | D:10     | 15049 ||| (to cure confusion)
 15121 | D:10     | 15121 ||| READING scroll of enchant weapon.
 15121 | D:10     | 15121 ||| ENCHANTING +7 broad axe of protection.
 15122 | D:10     | 15122 ||| UPGRADING to +0 pair of boots.
 15127 | D:10     | 15127 ||| READING 2 scrolls of enchant armour.
 15127 | D:10     | 15127 ||| ENCHANTING +0 pair of boots.
 15128 | D:10     | 15128 ||| READING scroll of enchant armour.
 15128 | D:10     | 15128 ||| ENCHANTING +1 pair of boots.
 15184 | D:11     | 15184 ||| PLANNING GAUNTLET
 15198 | D:11     | Received a gift from Okawaru
 15198 | D:11     | Found the +18 Lear's hauberk
 15199 | D:11     | 15199 ||| STAIRDANCE
 15346 | D:11     | Noticed Gastronok
 15347 | D:11     | 15347 ||| Stepping ~*~*~tactically~*~*~ (hiding).
 15352 | D:11     | 15352 ||| INVOKING Heroism.
 15361 | D:11     | Killed Gastronok
 15447 | D:11     | 15447 ||| Stepping ~*~*~tactically~*~*~ (stealth).
 15479 | D:11     | Found a radiant altar of Vehumet.
 15497 | D:11     | Noticed Urug
 15498 | D:11     | 15498 ||| INVOKING Heroism.
 15499 | D:11     | 15499 ||| INVOKING Finesse.
 15509 | D:11     | Killed Urug
 15564 | D:11     | Found a gate leading to a gauntlet.
 15573 | Gauntlet | Entered a Gauntlet
 15573 | Gauntlet | Found a transporter.
 15583 | Gauntlet | Found a runed translucent gate.
 15583 | Gauntlet | Found a runed translucent gate.
 15583 | Gauntlet | Found a runed translucent gate.
 15585 | Gauntlet | Found a transporter.
 15588 | Gauntlet | Found a transporter.
 15589 | Gauntlet | Found a transporter.
 15597 | Gauntlet | Found a transporter.
 15601 | Gauntlet | Found a transporter.
 15602 | Gauntlet | Found a transporter.
 15614 | Gauntlet | Found a transporter.
 15615 | Gauntlet | Found a transporter.
 15615 | Gauntlet | Found a transporter.
 15627 | Gauntlet | Found a transporter.
 15627 | Gauntlet | Found a transporter.
 15628 | Gauntlet | Found a transporter.
 15636 | Gauntlet | Found a transporter.
 15736 | Gauntlet | 15736 ||| INVOKING Heroism.
 15737 | Gauntlet | 15737 ||| INVOKING Finesse.
 15788 | Gauntlet | 15788 ||| DROPPING ring of see invisible.
 15820 | Gauntlet | 15820 ||| READING scroll of brand weapon.
 15820 | Gauntlet | 15820 ||| BRANDING +8 broad axe of protection.
 15821 | Gauntlet | 15821 ||| DROPPING +3 morningstar of protection.
 15827 | Gauntlet | 15827 ||| READING scroll labelled BEAZAO VOICAEQ.
 15844 | Gauntlet | 15844 ||| INVOKING Heroism.
 15845 | Gauntlet | 15845 ||| Stepping randomly (stuck).
 15856 | Gauntlet | 15856 ||| Stepping randomly (stuck).
 15873 | Gauntlet | 15873 ||| DRINKING 7 potions of curing.
 15873 | Gauntlet | 15873 ||| (to cure confusion)
 15879 | Gauntlet | Reached XP level 15. HP: 92/92 MP: 22/22
 15891 | Gauntlet | 15891 ||| READING scroll of enchant weapon.
 15891 | Gauntlet | 15891 ||| ENCHANTING +8 broad axe of flaming.
 15921 | Gauntlet | 15921 ||| UPGRADING to +2 pair of gloves of strength.
 15931 | Gauntlet | 15931 ||| DROPPING +2 pair of gloves.
 15950 | Gauntlet | 15950 ||| INVOKING Heroism.
 15996 | D:11     | 15996 ||| PLANNING D:1-11
 16002 | D:11     | Found a portal to a secret trove of treasure.
 16027 | D:11     | 16027 ||| DRINKING 6 potions of curing.
 16027 | D:11     | 16027 ||| (to cure confusion)
 16196 | D:11     | Found a staircase to the Orcish Mines.
 16393 | D:11     | 16393 ||| PLANNING D
 16393 | D:11     | 16393 ||| READING 13 scrolls of identify.
 16393 | D:11     | 16393 ||| IDENTIFYING glowing puce potion
 16394 | D:11     | 16394 ||| DROPPING potion of ambrosia.
 16904 | D:12     | 16904 ||| INVOKING Heroism.
 17023 | D:12     | Reached skill level 16 in Shields
 17182 | D:13     | 17182 ||| INVOKING Heroism.
 17220 | D:13     | 17220 ||| Stepping ~*~*~tactically~*~*~ (stealth).
 17269 | D:13     | 17269 ||| Stepping ~*~*~tactically~*~*~ (stealth).
 17271 | D:13     | 17271 ||| Stepping ~*~*~tactically~*~*~ (stealth).
 17274 | D:13     | 17274 ||| Stepping ~*~*~tactically~*~*~ (stealth).
 17277 | D:13     | 17277 ||| FLEEEEING.
 17278 | D:13     | 17278 ||| FLEEEEING.
 17279 | D:13     | 17279 ||| FLEEEEING.
 17280 | D:13     | 17280 ||| FLEEEEING.
 17281 | D:13     | 17281 ||| FLEEEEING.
 17282 | D:13     | 17282 ||| FLEEEEING.
 17283 | D:13     | 17283 ||| FLEEEEING.
 17284 | D:13     | 17284 ||| FLEEEEING.
 17300 | D:13     | 17300 ||| INVOKING Heroism.
 17415 | D:13     | Found a runed translucent gate.
 17415 | D:13     | Found a runed translucent gate.
 17415 | D:13     | Found a runed translucent gate.
 17417 | D:13     | Noticed qw's ghost (journeyman GrFi)
 17417 | D:13     | Noticed Yqoodd's ghost (journeyman GnWr)
 17427 | D:13     | Received a gift from Okawaru
 17692 | D:13     | Found Ikleto's Antique Weapon Emporium.
 17891 | D:14     | 17891 ||| Stepping ~*~*~tactically~*~*~ (hiding).
 17940 | D:14     | 17940 ||| Stepping ~*~*~tactically~*~*~ (stealth).
 18129 | D:14     | 18129 ||| INVOKING Heroism.
 18158 | D:14     | Identified the +1 dagger "Assy" {pain, rN+}
 18170 | D:14     | Received a gift from Okawaru
 18176 | D:14     | Reached skill level 6 in Throwing
 18191 | D:14     | Found a gate to the Vaults.
 18282 | D:14     | 18282 ||| Stepping ~*~*~tactically~*~*~ (stealth).
 18283 | D:14     | 18283 ||| Stepping ~*~*~tactically~*~*~ (stealth).
 18284 | D:14     | 18284 ||| FLEEEEING.
 18285 | D:14     | 18285 ||| FLEEEEING.
 18286 | D:14     | 18286 ||| FLEEEEING.
 18287 | D:14     | 18287 ||| FLEEEEING.
 18288 | D:14     | 18288 ||| FLEEEEING.
 18290 | D:14     | 18290 ||| FLEEEEING.
 18291 | D:14     | 18291 ||| FLEEEEING.
 18292 | D:14     | 18292 ||| FLEEEEING.
 18293 | D:14     | 18293 ||| FLEEEEING.
 18294 | D:14     | 18294 ||| FLEEEEING.
 18295 | D:14     | 18295 ||| FLEEEEING.
 18300 | D:14     | 18300 ||| FLEEEEING.
 18301 | D:14     | 18301 ||| FLEEEEING.
 18302 | D:14     | 18302 ||| FLEEEEING.
 18303 | D:14     | 18303 ||| FLEEEEING.
 18304 | D:14     | 18304 ||| FLEEEEING.
 18305 | D:14     | 18305 ||| FLEEEEING.
 18306 | D:14     | 18306 ||| FLEEEEING.
 18307 | D:14     | 18307 ||| FLEEEEING.
 18308 | D:14     | 18308 ||| FLEEEEING.
 18309 | D:14     | 18309 ||| FLEEEEING.
 18310 | D:14     | 18310 ||| FLEEEEING.
 18311 | D:14     | 18311 ||| FLEEEEING.
 18312 | D:14     | 18312 ||| FLEEEEING.
 18313 | D:14     | 18313 ||| FLEEEEING.
 18314 | D:14     | 18314 ||| FLEEEEING.
 18315 | D:14     | 18315 ||| FLEEEEING.
 18316 | D:14     | 18316 ||| FLEEEEING.
 18325 | D:14     | 18325 ||| INVOKING Heroism.
 18338 | D:14     | Received a gift from Okawaru
 18338 | D:14     | Found the -2 hat of the Alchemist {rElec rPois rF+ rC+ rN+
                  | Will+ rMut rCorr}
 18400 | D:14     | 18400 ||| Stepping ~*~*~tactically~*~*~ (hiding).
 18401 | D:14     | 18401 ||| Stepping ~*~*~tactically~*~*~ (hiding).
 18403 | D:14     | 18403 ||| Stepping ~*~*~tactically~*~*~ (stealth).
 18448 | D:14     | 18448 ||| Stepping ~*~*~tactically~*~*~ (stealth).
 18655 | D:14     | 18655 ||| INVOKING Heroism.
 18670 | D:14     | Reached skill level 15 in Axes
 18749 | D:14     | 18749 ||| UPGRADING to -2 hat of the Alchemist {rElec rPois
                  | rF+ rC+ rN+ Will+ rMut rCorr}.
 18759 | D:14     | 18759 ||| DROPPING +6 ring of strength.
 18775 | D:15     | Entered Level 15 of the Dungeon
 18783 | D:15     | 18783 ||| Stepping ~*~*~tactically~*~*~ (stealth).
 18785 | D:15     | 18785 ||| Stepping ~*~*~tactically~*~*~ (stealth).
 18791 | D:15     | 18791 ||| Stepping ~*~*~tactically~*~*~ (stealth).
 18794 | D:15     | 18794 ||| INVOKING Heroism.
 18797 | D:15     | 18797 ||| Stepping ~*~*~tactically~*~*~ (hiding).
 18798 | D:15     | 18798 ||| Stepping ~*~*~tactically~*~*~ (hiding).
 18810 | D:15     | 18810 ||| Stepping ~*~*~tactically~*~*~ (hiding).
 18828 | D:15     | Reached XP level 16. HP: 99/101 MP: 23/23
 18841 | D:15     | Reached skill level 12 in Fighting
 18895 | D:15     | 18895 ||| Stepping ~*~*~tactically~*~*~ (stealth).
 18896 | D:15     | 18896 ||| Stepping ~*~*~tactically~*~*~ (stealth).
 18897 | D:15     | 18897 ||| Stepping ~*~*~tactically~*~*~ (stealth).
 18898 | D:15     | 18898 ||| Stepping ~*~*~tactically~*~*~ (stealth).
 18906 | D:15     | 18906 ||| INVOKING Heroism.
 18946 | D:15     | 18946 ||| Stepping ~*~*~tactically~*~*~ (hiding).
 19102 | D:15     | 19102 ||| INVOKING Heroism.
 19122 | D:15     | Found a staircase to the Depths.
 19307 | D:15     | 19307 ||| INVOKING Heroism.
 19466 | D:15     | 19466 ||| FLEEEEING.
 19784 | D:15     | 19784 ||| PLANNING ORC
 19871 | Orc:1    | Entered Level 1 of the Orcish Mines
 19874 | Orc:1    | 19874 ||| INVOKING Heroism.
 19876 | Orc:1    | 19876 ||| Stepping ~*~*~tactically~*~*~ (hiding).
 19911 | Orc:1    | 19911 ||| Stepping ~*~*~tactically~*~*~ (hiding).
 19929 | Orc:1    | 19929 ||| Stepping ~*~*~tactically~*~*~ (stealth).
 19930 | Orc:1    | 19930 ||| Stepping ~*~*~tactically~*~*~ (stealth).
 19932 | Orc:1    | 19932 ||| INVOKING Heroism.
 19933 | Orc:1    | Found Qeac's Jewellery Boutique.
 19934 | Orc:1    | 19934 ||| Stepping ~*~*~tactically~*~*~ (hiding).
 19935 | Orc:1    | 19935 ||| Stepping ~*~*~tactically~*~*~ (hiding).
 19939 | Orc:1    | Received a gift from Okawaru
 19965 | Orc:1    | 19965 ||| Stepping ~*~*~tactically~*~*~ (stealth).
 19967 | Orc:1    | 19967 ||| Stepping ~*~*~tactically~*~*~ (hiding).
 20013 | Orc:1    | 20013 ||| Stepping ~*~*~tactically~*~*~ (stealth).
 20018 | Orc:1    | 20018 ||| INVOKING Heroism.
 20023 | Orc:1    | 20023 ||| Stepping ~*~*~tactically~*~*~ (stealth).
 20035 | Orc:1    | 20035 ||| Stepping ~*~*~tactically~*~*~ (stealth).
 20036 | Orc:1    | 20036 ||| Stepping ~*~*~tactically~*~*~ (stealth).
 20042 | Orc:1    | Found Xuiren's Antique Armour Emporium.
 20052 | Orc:1    | 20052 ||| BUYING ring of fire (375 gold).
 20052 | Orc:1    | Bought a ring of fire for 375 gold pieces
 20060 | Orc:1    | 20060 ||| Stepping ~*~*~tactically~*~*~ (hiding).
 20061 | Orc:1    | 20061 ||| Stepping ~*~*~tactically~*~*~ (hiding).
 20062 | Orc:1    | 20062 ||| Stepping ~*~*~tactically~*~*~ (hiding).
 20067 | Orc:1    | 20067 ||| Stepping ~*~*~tactically~*~*~ (stealth).
 20122 | Orc:1    | 20122 ||| Stepping ~*~*~tactically~*~*~ (stealth).
 20123 | Orc:1    | 20123 ||| Stepping ~*~*~tactically~*~*~ (stealth).
 20152 | Orc:1    | 20152 ||| BUYING pair of fine gloves (237 gold).
 20152 | Orc:1    | Bought a pair of fine gloves for 237 gold pieces
 20152 | Orc:1    | Identified the +4 pair of gloves of Cowardice {Will+ Dex+3}
                  | (You bought it in a shop on level 1 of the Orcish Mines)
 20152 | Orc:1    | 20152 ||| BUYING runed helmet (187 gold).
 20152 | Orc:1    | Bought a runed helmet for 187 gold pieces
 20190 | Orc:1    | Found Zishofoa's General Store.
 20195 | Orc:1    | 20195 ||| BUYING scroll of enchant armour (105 gold).
 20195 | Orc:1    | Bought a scroll of enchant armour for 105 gold pieces
 20195 | Orc:1    | 20195 ||| BUYING scroll of teleportation (42 gold).
 20195 | Orc:1    | Bought a scroll of teleportation for 42 gold pieces
 20195 | Orc:1    | 20195 ||| BUYING scroll of teleportation (42 gold).
 20195 | Orc:1    | Bought a scroll of teleportation for 42 gold pieces
 20204 | Orc:1    | 20204 ||| INVOKING Heroism.
 20222 | Orc:1    | 20222 ||| Stepping ~*~*~tactically~*~*~ (hiding).
 20223 | Orc:1    | 20223 ||| Stepping ~*~*~tactically~*~*~ (hiding).
 20316 | Orc:1    | You are sucked into a shaft and drop 1 floor!
 20316 | Orc:2    | Entered Level 2 of the Orcish Mines
 20335 | Orc:2    | 20335 ||| Stepping ~*~*~tactically~*~*~ (hiding).
 20336 | Orc:2    | 20336 ||| Stepping ~*~*~tactically~*~*~ (hiding).
 20337 | Orc:2    | 20337 ||| INVOKING Heroism.
 20369 | Orc:2    | Received a gift from Okawaru
 20373 | Orc:2    | Reached skill level 17 in Shields
 20387 | Orc:2    | Identified the +5 troll leather armour of Ximniphi {rF+ rC-
                  | rN+ Regen+ SInv} (Okawaru gifted it to you on level 2 of
                  | the Orcish Mines)
 20387 | Orc:2    | Received a gift from Okawaru
 20411 | Orc:2    | 20411 ||| INVOKING Heroism.
 20468 | Orc:2    | 20468 ||| DROPPING +2 helmet.
 20469 | Orc:2    | 20469 ||| UPGRADING to +4 pair of gloves of Cowardice
                  | {Will+ Dex+3}.
 20479 | Orc:2    | 20479 ||| DROPPING +2 pair of gloves of strength.
 20487 | Orc:1    | Found Latof's Book Emporium.
 20488 | Orc:1    | 20488 ||| INVOKING Heroism.
 20509 | Orc:1    | Found Ywey's Antique Armour Shop.
 20554 | Orc:1    | Found Opoaboggur's Book Boutique.
 28838 | Orc:2    | Glimpsed the power of Zot.
 29238 | Orc:2    | Glimpsed the power of Zot.
 29558 | Orc:2    | Glimpsed the power of Zot.
 29638 | Orc:2    | Touched by the power of Zot.
 29639 | Orc:2    | Glimpsed the power of Zot.
 30039 | Orc:2    | Glimpsed the power of Zot.
 30359 | Orc:2    | Glimpsed the power of Zot.
 30438 | Orc:2    | Touched by the power of Zot.
 30439 | Orc:2    | Glimpsed the power of Zot.
 30839 | Orc:2    | Glimpsed the power of Zot.
 31159 | Orc:2    | Glimpsed the power of Zot.
 31238 | Orc:2    | Touched by the power of Zot.
 31239 | Orc:2    | Glimpsed the power of Zot.
 31639 | Orc:2    | Glimpsed the power of Zot.
 31959 | Orc:2    | Glimpsed the power of Zot.
 32038 | Orc:2    | Touched by the power of Zot.
 32039 | Orc:2    | Glimpsed the power of Zot.
 32439 | Orc:2    | Glimpsed the power of Zot.
 32759 | Orc:2    | Glimpsed the power of Zot.
 32838 | Orc:2    | Touched by the power of Zot.
 32839 | Orc:2    | Glimpsed the power of Zot.
 33239 | Orc:2    | Glimpsed the power of Zot.
 33559 | Orc:2    | Glimpsed the power of Zot.
 33638 | Orc:2    | Touched by the power of Zot.
 33639 | Orc:2    | Glimpsed the power of Zot.
 34039 | Orc:2    | Glimpsed the power of Zot.
 34359 | Orc:2    | Glimpsed the power of Zot.
 34438 | Orc:2    | Touched by the power of Zot.
 34439 | Orc:2    | Glimpsed the power of Zot.
 34839 | Orc:2    | Glimpsed the power of Zot.
 35159 | Orc:2    | Glimpsed the power of Zot.
 35238 | Orc:2    | Touched by the power of Zot.
 35239 | Orc:2    | Glimpsed the power of Zot.
 35639 | Orc:2    | Glimpsed the power of Zot.
 35959 | Orc:2    | Glimpsed the power of Zot.
 36038 | Orc:2    | Touched by the power of Zot.
 36039 | Orc:2    | Glimpsed the power of Zot.
 36439 | Orc:2    | Glimpsed the power of Zot.
 36759 | Orc:2    | Glimpsed the power of Zot.
 36838 | Orc:2    | Touched by the power of Zot.
 36839 | Orc:2    | Glimpsed the power of Zot.
 37239 | Orc:2    | Glimpsed the power of Zot.
 37559 | Orc:2    | Glimpsed the power of Zot.
 37638 | Orc:2    | Touched by the power of Zot.
 37639 | Orc:2    | Glimpsed the power of Zot.
 38039 | Orc:2    | Glimpsed the power of Zot.
 38359 | Orc:2    | Glimpsed the power of Zot.
 38438 | Orc:2    | Touched by the power of Zot.
 38439 | Orc:2    | Glimpsed the power of Zot.
 38839 | Orc:2    | Glimpsed the power of Zot.
 39159 | Orc:2    | Glimpsed the power of Zot.
 39238 | Orc:2    | Touched by the power of Zot.
 39239 | Orc:2    | Glimpsed the power of Zot.
 39639 | Orc:2    | Glimpsed the power of Zot.
 39959 | Orc:2    | Glimpsed the power of Zot.
 40038 | Orc:2    | Touched by the power of Zot.
 40039 | Orc:2    | Quit the game

Levels and vault maps discovered:
D:1:      shiori_arrival_elements, layout_rooms
D:2:      layout_rooms, chequers_serial_rivers_micro_c, kennysheep_potato
D:3:      layout_loops_corners, chequers_temple_overflow_statue_of_worship,
          overflow_temple_1_default, shapermc_ecumenical_altar_starsandcircs,
          uniq_grinder, uniq_terence, uniq_sigmund, uniq_robin
D:4:      layout_rooms, uniq_edmund
D:5:      layout_basic, mainiacjoe_overflow_surrounded_room,
          minmay_temple_entry_mini_moons, uniq_menkaure, uniq_ijyb, uniq_pikel
D:6:      layout_rooms, marbit_many_paths, supply_closet_lemuel
D:7:      layout_rooms, nicolae_tso_besieged_by_evil, serial_shops,
          nicolae_shop_overgrown_old_shop, uniq_crazy_yiuf_cottage
D:8:      layout_basic, grunt_temple_overflow_growth_and_decay,
          amcnicky_altar_gilded, kennysheep_kite_vault
D:9:      layout_roguey, erik_lair_island, uniq_maurice
D:10:     wad_guarded_room, layout_stronghold, minmay_misc_feat_encased
D:11:     layout_roguey, hiddenorc1_lemuel, nicolae_trove_entry_free_sample,
          gauntlet_entry_generic, vehumet_crystals, uniq_urug, uniq_gastronok
D:12:     kennysheep_six_static_rooms, layout_gridville
D:13:     layout_roguey, serial_shops, shop, gammafunk_ghost_cemetery
D:14:     layout_loops_ring, grunt_vaults_entry_tiered, nicolae_twisting_strands
D:15:     hangedman_depths_entry_try_elsewhere_first, layout_basic
Lair:1:   layout_hall_layers, chequers_serial_rivers_marsh,
          infiniplex_staircase_pool, lemuel_fruit_tree, grunt_megastairs_3
Lair:2:   layout_cave_pods, swamp_mist, spider_nest_entry_webs,
          kennysheep_snail_temple
Lair:3:   layout_loops_ring, basic_altar, lemuel_fruit_fields,
          infiniplex_staircase_pool_2, grunt_megastairs_4, serial_bayou_shore_a
Lair:4:   layout_cave_pods, minmay_stone_trees_small, serial_bayou_shore_b,
          uniq_rupert
Lair:5:   minmay_lair_end_frog_pond, layout_gridlike,
          nicolae_slime_entry_slimehenge
Orc:1:    layout_diamond_mine, serial_shops, shop, shop, shop, shop,
          nicolae_shop_behind_doors, guppyfry_orc_lava_fort
Orc:2:    st_orc_open, layout_caves, serial_shops, shop

Skill      XL: |  1  2  3  4  5  6  7  8  9 10 11 12 13 14 15 16 |
---------------+-------------------------------------------------+-----
Axes           | 2 3 4 5 6 7 8 9 11 12 14 15 16 | 16.3
Fighting       | 5 6 7 8 10 11 12 | 12.0
Invocations    | 3 4 6 10 | 10.0
Throwing       | 1 2 5 6 |  6.3
Shields        | 8 10 11 12 13 14 15 16 17 | 17.0
Armour         | 4 5 6 8 9 10 11 | 11.0
Dodging        | 1 2 3 4 |  4.0

Action                   |  1- 3 |  4- 6 |  7- 9 | 10-12 | 13-15 | 16-18 || total
-------------------------+-------+-------+-------+-------+-------+-------++-------
Melee: War axe           |   110 |   120 |    21 |       |       |       ||   251
       Broad axe         |       |       |   222 |   575 |   882 |   253 ||  1932
       Morningstar       |       |       |       |    25 |    44 |       ||    69
Throw: Boomerang         |       |       |    45 |   105 |   113 |     5 ||   268
       Javelin           |       |       |       |     7 |    82 |    25 ||   114
Invok: Heroism           |       |     1 |    18 |    41 |    29 |    10 ||    99
       Finesse           |       |       |       |     3 |     8 |       ||    11
  Use: Scroll            |     2 |     4 |    14 |    13 |    14 |       ||    47
       Potion            |       |     3 |     3 |     3 |     4 |       ||    13
Armor: Scale mail        |    22 |       |       |       |       |       ||    22
       Chain mail        |    46 |    47 |       |       |       |       ||    93
       Plate armour      |       |    23 |   127 |   305 |   397 |   106 ||   958
Dodge: Dodged            |    41 |    30 |    32 |   109 |   156 |    42 ||   410
Block: Buckler           |    23 |    17 |     8 |       |       |       ||    48
       Tower shield      |       |       |   202 |   585 |   810 |   243 ||  1840

Table legend:
 A = Non-vault XP
 B = Vault XP
 C = Vault XP percentage of total XP
 D = Non-vault monster count
 E = Vault monster count
 F = Vault count percentage of total count
                 A         B        C        D         E       F
            +---------+---------+-------+---------+---------+-------
      Total |  105572 |   64733 |  38.0 |     540 |     251 |  31.7
            +---------+---------+-------+---------+---------+-------
        D:1 |      26 |       0 |   0.0 |      17 |       0 |   0.0
        D:2 |      71 |       3 |   4.1 |      23 |       2 |   8.0
        D:3 |     104 |     591 |  85.0 |      25 |      13 |  34.2
        D:4 |     124 |     158 |  56.0 |      28 |       1 |   3.4
        D:5 |     826 |     833 |  50.2 |      22 |       3 |  12.0
        D:6 |     534 |     100 |  15.8 |      12 |       1 |   7.7
        D:7 |    2295 |      62 |   2.6 |      27 |      15 |  35.7
        D:8 |    1275 |    1537 |  54.7 |      14 |      16 |  53.3
        D:9 |    3033 |    1330 |  30.5 |      39 |       9 |  18.8
       D:10 |    3227 |    3280 |  50.4 |      22 |      16 |  42.1
       D:11 |    2586 |    2561 |  49.8 |      11 |      19 |  63.3
       D:12 |    8364 |    1671 |  16.7 |      19 |       6 |  24.0
       D:13 |    5400 |       0 |   0.0 |      17 |       0 |   0.0
       D:14 |   11082 |    8036 |  42.0 |      22 |      25 |  53.2
       D:15 |   16898 |    2139 |  11.2 |      31 |       3 |   8.8
     Lair:1 |    2893 |       0 |   0.0 |      18 |       0 |   0.0
     Lair:2 |    5437 |    2687 |  33.1 |      22 |       8 |  26.7
     Lair:3 |    7016 |     344 |   4.7 |      21 |       2 |   8.7
     Lair:4 |   13815 |    1869 |  11.9 |      36 |       1 |   2.7
     Lair:5 |   13371 |   11167 |  45.5 |      32 |      40 |  55.6
      Orc:1 |    2656 |    4890 |  64.8 |      37 |      16 |  30.2
      Orc:2 |    4539 |   14831 |  76.6 |      45 |      37 |  45.1
   Gauntlet |       0 |    6644 | 100.0 |       0 |      18 | 100.0
            +---------+---------+-------+---------+---------+-------
